 Dungeon Crawl Stone Soup version 0.22-a0-429-g97ce8ef (webtiles) character file.

1856 Jynxie the Destroyer (level 9, 0/54 HPs)
             Began as a Kobold Conjurer on May 25, 2018.
             Was an Initiate of Yredelemnul.
             Slain by a wight
             ... wielding a cursed +3 mace of freezing
              (1 damage)
             ... on level 7 of the Dungeon.
             The game lasted 00:39:45 (8885 turns).

Jynxie the Destroyer (Kobold Conjurer)              Turns: 8885, Time: 00:39:46

Health: 0/54       AC: 10    Str:  5    XL:     9   Next: 34%
Magic:  0/12       EV: 13    Int: 19    God:    Yredelemnul [......]
Gold:   372        SH:  0    Dex: 16    Spells: 6/12 levels left

rFire    x . .     SeeInvis .   t - +2 dagger (venom)
rCold    + . .     Gourm    .   (shield restricted)
rNeg     . . .     Faith    .   y - +1 leather armour {MR+}
rPois    .         Spirit   .   v - +1 helmet
rElec    .         Reflect  .   (no cloak)
rCorr    .         Harm     .   r - +2 pair of gloves
MR       +....                  n - +0 pair of boots
Stlth    +++.......             m - amulet of regeneration {!d}
HPRegen  0.58/turn              g - ring of ice
MPRegen  0.13/turn              (no ring)

@: heavily drained
A: small, carnivore
a: Renounce Religion


You were on level 7 of the Dungeon.
You worshipped Yredelemnul.
Yredelemnul was noncommittal.
You were very full.

You visited 2 branches of the dungeon, and saw 8 of its levels.

You collected 372 gold pieces.

Inventory:

Hand Weapons
 h - a +0 short sword
   (You took it off a kobold on level 1 of the Dungeon)
 t - a +2 dagger of venom (weapon)
   (You took it off an orc on level 3 of the Dungeon)
Missiles
 l - 2 throwing nets (quivered) {!f}
Armour
 n - a +0 pair of boots (worn)
   (You found it on level 1 of the Dungeon)
 r - a +2 pair of gloves (worn)
   (You found it on level 2 of the Dungeon)
 v - a +1 helmet (worn)
   (You took it off Robin on level 2 of the Dungeon)
 y - a +1 leather armour of magic resistance (worn)
   (You found it on level 4 of the Dungeon)
Jewellery
 g - a ring of ice (left hand)
   (You found it on level 1 of the Dungeon)
 m - an amulet of regeneration (around neck) {!d}
   (You took it off a gnoll on level 5 of the Dungeon)
Scrolls
 a - a scroll of identify {@r1}
 d - 6 scrolls of remove curse {@r2}
 f - a scroll of blinking
 p - a scroll of teleportation {unknown}
 q - 5 scrolls of immolation {!r}
 s - a scroll of fear
Potions
 b - a potion of resistance {unknown}
 c - a potion of curing {@q1}
 i - a potion of flight {unknown}
 j - 2 potions of mutation {!q}
 k - 2 potions of heal wounds {@q2}
 o - a potion of brilliance {unknown}
Comestibles
 e - 12 rations {!d}


   Skills:
 + Level 5.0(3.4) Fighting
 * Level 7.8(6.0) Short Blades
 - Level 2.4(0.8) Dodging
 + Level 7.4(5.6) Stealth
 - Level 2.1(0.6) Spellcasting
 * Level 8.1(6.3) Conjurations


You had 6 spell levels left.
You knew the following spells:

 Your Spells              Type           Power        Failure   Level  Hunger
a - Magic Dart            Conj           ###.         2%          1    ##.....
b - Searing Ray           Conj           ###...       3%          2    ###....
c - Dazzling Spray        Conj/Hex       ##....       26%         3    ####...

Your spell library contained the following spells:

 Spells                   Type           Power        Failure   Level  Hunger
 Iskenderun's Mystic Bla  Conj           ###.....     24%         4    #####..
 Fulminant Prism          Conj/Hex       ##........   65%         4    #####..
 Force Lance              Conj/Tloc      ##......     65%         4    #####..


Dungeon Overview and Level Annotations

Branches:
Dungeon (7/15)             Temple (1/1) D:6

Altars:
Ashenzari
Cheibriados
Dithmenos
Elyvilon
Fedhas
Gozag
Kikubaaqudgha
Makhleb
Okawaru
Qazlal
Ru
Sif Muna
Trog
Uskayaw
Vehumet
Wu Jian
Xom
Yredelemnul
Zin


Innate Abilities, Weirdness & Mutations

You are small and have problems with some larger weapons.
You are carnivorous and can eat meat at any time.


Message History

The wight hits you with a mace of freezing.
* * * LOW HITPOINT WARNING * * *
You feel better.
The wight hits you with a mace of freezing.
Unknown command.
You hit the wight. You hit the wight. The wight completely misses you.
You hit the wight but do no damage. The wight barely misses you.
You hit the wight but do no damage. You hit the wight but do no damage.
The wight hits you with a mace of freezing.
You hit the wight but do no damage.
Aim: a wight, wielding a mace of freezing and wearing a robe (heavily damaged)
The magic dart hits the wight.
The wight hits you with a mace of freezing!
You hit the wight.
The wight hits you with a mace of freezing.
* * * LOW HITPOINT WARNING * * *
You feel drained.
* * * LOW HITPOINT WARNING * * *
You barely miss the wight.
Unknown command.
You hit the wight but do no damage. The wight barely misses you.
You hit the wight but do no damage. You hit the wight but do no damage.
The wight hits you with a mace of freezing.
* * * LOW HITPOINT WARNING * * *
You hit the wight but do no damage. You hit the wight but do no damage.
The wight barely misses you.
Your leather armour prevents you from hitting the wight.
The wight hits you with a mace of freezing!
* * * LOW HITPOINT WARNING * * *
The wight freezes you.
* * * LOW HITPOINT WARNING * * *
You hit the wight.
Unknown command.
Aim: a wight, wielding a mace of freezing and wearing a robe (severely damaged)
The magic dart hits the wight.
The wight closely misses you.
You hit the wight.
The wight hits you with a mace of freezing.
* * * LOW HITPOINT WARNING * * *
You feel drained. The wight freezes you.
* * * LOW HITPOINT WARNING * * *
You closely miss the wight. You hit the wight.
The wight hits you with a mace of freezing!
* * * LOW HITPOINT WARNING * * *
The wight freezes you.
You die...
Your body rises from the dead as a mindless zombie.

## .. .#######
# ..#..<# #.
#.#@### #..
#.#z###...
#...#).........
#.......###....
#$..##### ..
###


You could see a wight.

Vanquished Creatures
  The ghost of George the Slasher, a novice MiFi of the Shining One (D:5)
  A sky beast (D:6)
  2 phantoms
  A centaur (D:6)
  An ogre (D:2)
  A bullfrog (D:6)
  2 scorpions
  3 wights (D:7)
  2 howler monkeys
  4 hounds
  A jelly (D:6)
  2 orc priests
  2 orc wizards
  A gnoll shaman (D:4)
  Terence (D:3)
  An iguana (D:5)
  5 worker ants
  A hound skeleton (D:5)
  Robin (D:2)
  5 gnolls
  9 adders
  A shadow imp (D:6)
  An ooze (D:1)
  An adder zombie (D:5)
  An adder skeleton (D:4)
  A worm (D:2)
  6 dart slugs
  4 leopard geckos
  12 orcs
  6 giant cockroaches
  11 goblins
  5 hobgoblins
  3 jackals (D:3)
  4 quokkas
  2 ball pythons
  13 bats
  6 frilled lizards
  8 kobolds
  4 rats
136 creatures vanquished.

Notes
Turn   | Place    | Note
-------+----------+-------------------------------------------
     0 | D:1      | Jynxie the Kobold Conjurer began the quest for the Orb.
     0 | D:1      | Reached XP level 1. HP: 10/10 MP: 3/3
   124 | D:1      | Reached XP level 2. HP: 16/16 MP: 0/5
   357 | D:1      | Reached skill level 1 in Fighting
   485 | D:1      | Reached XP level 3. HP: 20/20 MP: 4/6
   963 | D:1      | Learned a level 2 spell: Searing Ray
   967 | D:1      | Learned a level 3 spell: Dazzling Spray
   990 | D:2      | Reached skill level 1 in Short Blades
  1245 | D:2      | Reached XP level 4. HP: 25/25 MP: 0/7
  1309 | D:2      | Noticed an ogre
  1520 | D:2      | Killed an ogre
  1520 | D:2      | Reached skill level 5 in Conjurations
  1520 | D:2      | Reached XP level 5. HP: 13/30 MP: 1/8
  1875 | D:2      | Found a stormy altar of Qazlal.
  1875 | D:2      | Found a burning altar of Makhleb.
  2013 | D:2      | Found a snail-covered altar of Cheibriados.
  2327 | D:3      | Found a white marble altar of Elyvilon.
  2330 | D:3      | Found a hide-covered altar of Uskayaw.
  2337 | D:3      | Found an opulent altar of Gozag.
  2684 | D:3      | Found a bloodstained altar of Trog.
  2686 | D:3      | Reached XP level 6. HP: 36/36 MP: 9/9
  2761 | D:3      | Noticed Terence
  2792 | D:3      | Killed Terence
  2862 | D:3      | Noticed Robin
  2905 | D:2      | Killed Robin
  3025 | D:3      | Found an iron altar of Okawaru.
  3941 | D:4      | Reached XP level 7. HP: 36/40 MP: 0/10
  3947 | D:4      | Reached skill level 5 in Stealth
  3952 | D:4      | Reached skill level 6 in Conjurations
  3959 | D:4      | Found a radiant altar of Vehumet.
  4583 | D:5      | Entered Level 5 of the Dungeon
  5398 | D:5      | Reached XP level 8. HP: 23/47 MP: 0/11
  5582 | D:5      | Noticed George's ghost (novice MiFi)
  6597 | D:5      | Killed George's ghost
  6597 | D:5      | Reached skill level 5 in Short Blades
  6597 | D:5      | Reached skill level 7 in Conjurations
  7014 | D:5      | Found a white marble altar of Elyvilon.
  7312 | D:6      | Found a shattered altar of Ashenzari.
  7392 | D:6      | Found a staircase to the Ecumenical Temple.
  7401 | Temple   | Entered the Ecumenical Temple
  7467 | Temple   | Became a worshipper of Yredelemnul the Dark
  7736 | D:6      | Reached XP level 9. HP: 51/52 MP: 0/12
  8601 | D:6      | Reached skill level 8 in Conjurations
  8743 | D:7      | Reached skill level 5 in Fighting
  8885 | D:7      | HP: 1/54 [wight/mace of freezing (13)]
  8885 | D:7      | Slain by a wight

Vault maps used:
D:1:      dpeg_arrival_tiny_f, minmay_circled_x
D:2:      gammafunk_temple_overflow_elements, cheibriados_altar_1
D:3:      okawaru_ov_weapons_minmay, gammafunk_temple_overflow_forgotten,
          old_standard_altar, uniq_terence, uniq_robin
D:4:      first_ration, minmay_ruined_shrine
D:5:      basic_altar
D:6:      cheibrodos_ashenzari_chains, minmay_temple_entry_grid
D:7:      nemelex_xobeh_ov_fountains_minmay, minmay_crystal_room
Temple:   cyrus_temple_forest

Skill      XL: |  1  2  3  4  5  6  7  8  9 |
---------------+----------------------------+-----
Stealth        | 3 4 5 6 7 |  7.4
Fighting       | 1 2 3 4 5 |  5.0
Short Blades   | 1 2 3 4 6 7 |  7.8
Conjurations   | 5 6 7 8 |  8.1
Dodging        | |  2.4
Spellcasting   | |  2.1

Action                   |  1- 3 |  4- 6 |  7- 9 || total
-------------------------+-------+-------+-------++-------
Melee: Unarmed           |     8 |       |       ||     8
       Short sword       |     2 |    29 |       ||    31
       Dagger            |       |    44 |   136 ||   180
 Cast: Magic Dart        |    64 |    97 |   160 ||   321
       Dazzling Spray    |     1 |     7 |     3 ||    11
       Searing Ray       |       |     7 |    12 ||    19
  Use: Scroll            |     3 |     2 |    10 ||    15
       Potion            |       |       |    10 ||    10
 Stab: Sleeping          |     1 |     2 |       ||     3
       Invisible         |       |     1 |       ||     1
  Eat: Chunk             |    10 |    11 |    16 ||    37
Armor: Robe              |       |    15 |       ||    15
       Leather armour    |       |       |    35 ||    35
       Skin              |       |       |     9 ||     9
Dodge: Dodged            |    17 |    70 |    93 ||   180

Table legend:
 A = Spawn XP
 B = Non-spawn XP
 C = Spawn XP percentage of total XP
 D = Spawn monster count
 E = Non-spawn monster count
 F = Spawn count percentage of total count
 G = Total turns spent on level
                    A         B        C        D         E        F      G
               +---------+---------+-------+---------+---------+-------+---------
         Total |       0 |    2652 |   0.0 |       0 |     136 |   0.0 |  8885
               +---------+---------+-------+---------+---------+-------+---------
           D:1 |       0 |      55 |   0.0 |       0 |      27 |   0.0 |  1242
           D:2 |       0 |     202 |   0.0 |       0 |      30 |   0.0 |  1176
           D:3 |       0 |     128 |   0.0 |       0 |      28 |   0.0 |   980
           D:4 |       0 |     444 |   0.0 |       0 |      18 |   0.0 |  2608
           D:5 |       0 |     833 |   0.0 |       0 |      16 |   0.0 |  1302
           D:6 |       0 |     808 |   0.0 |       0 |      14 |   0.0 |  1316
           D:7 |       0 |     182 |   0.0 |       0 |       3 |   0.0 |   153
               +---------+---------+-------+---------+---------+-------+---------
